 Dungeon Crawl Stone Soup version 0.27-a0-1312-g5cdb2b3542 (webtiles) character file.

Game seed: 2412146622129814592

62 dickylongcocking the Magician (level 4, -8/31 HPs)
             Began as a Djinni Fire Elementalist on June 21, 2021.
             Mangled by a hornet zombie (12 damage)
             ... on level 3 of the Dungeon.
             The game lasted 00:01:53 (3044 turns).

dickylongcocking the Magician (DjFE)                Turns: 3044, Time: 00:01:53

Health: -8/31      AC:  3    Str:  7    XL:     4   Next: 28%
Gold:   98         EV: 12    Int: 17    God:
                   SH:  0    Dex: 16

rFire    + + .     SeeInvis .   c - +0 dagger
rCold    x . .     Faith    .   (no shield)
rNeg     . . .     Spirit   .   f - +0 leather armour
rPois    ∞         Reflect  .   (no helmet)
rElec    .         Harm     .   (no cloak)
rCorr    .         Rampage  .   (no gloves)
Will     +....                  (boots unavailable)
Stlth    ++........             (no amulet)
HPRegen  0.10/turn              (no ring)
MPRegen  0.00/turn              (no ring)

@: mighty, flying, hasted, very quick
A: sickness immunity, fire resistance 2, cold vulnerability 1, float, innate
caster, hp casting, extra vitality 1, agile 1, strong-willed 1
a: no special abilities


You were on level 3 of the Dungeon.
You visited 1 branch of the dungeon, and saw 3 of its levels.

You collected 98 gold pieces.

Inventory:

Hand Weapons
 c - a +0 dagger (weapon)
Armour
 a - a +0 robe
 f - a +0 leather armour (worn)
Scrolls
 b - 3 scrolls of identify {unknown}
 e - 2 scrolls of holy word {unknown}
 i - a scroll of enchant armour {unknown}
 l - 2 scrolls of enchant weapon {unknown}
Potions
 d - a potion of brilliance {unknown}
 g - a potion of magic {unknown}
 h - a potion of mutation
 m - a potion of lignification {unknown}


   Skills:
 + Level 0.4 Fighting
 - Level 1.0 Armour
 - Level 2.3 Dodging
 - Level 1.8 Stealth
 * Level 3.4 Spellcasting


You couldn't memorise any spells.
You knew the following spells:

 Your Spells              Type           Power      Damage    Failure   Level
a - Foxfire               Conj/Fire      56%        2x1d6     6%          1
b - Conjure Flame         Conj/Fire      14%        6-21      19%         3
c - Inner Flame           Hex/Fire       14%        N/A       19%         3
d - Sticky Flame          Conj/Fire      14%        2d4       52%         4
e - Fireball              Conj/Fire      7%         3d5       86%         5
f - Sting                 Tmut/Pois      56%        1d5       6%          1
Your spell library was empty.

Dungeon Overview and Level Annotations

Branches:
Dungeon (3/15)

Altars:


Innate Abilities, Weirdness & Mutations

You are immune to sickness and miasma.
You are immune to poison.
Your flesh is very heat resistant. (rF++)
You are vulnerable to cold. (rC-)
You float through the air rather than walking.
You learn spells naturally, not from books.
Your magical power is your life essence.
You have superior vitality. (+4 HP)
You are agile. (Dex +2)
You are strong-willed. (Will+)


Message History

You hit the hornet zombie.
The hornet zombie is heavily damaged.
The foxfire hits the hornet zombie.
The hornet zombie is heavily damaged.
The foxfire hits the hornet zombie.
The hornet zombie is severely damaged.
The hornet zombie barely misses you. The hornet zombie misses you.
You conjure some foxfire!
The hornet zombie misses you.
Unknown command.
You hit the hornet zombie but do no damage.
The hornet zombie is severely damaged.
The foxfire hits the hornet zombie.
The hornet zombie is severely damaged.
The foxfire hits the hornet zombie but does no damage.
The hornet zombie is severely damaged.
The hornet zombie completely misses you.
Your magical contamination has completely faded away.
You conjure some foxfire!
The hornet zombie hits you. The hornet zombie barely misses you.
You hit the hornet zombie.
The hornet zombie is severely damaged.
The foxfire hits the hornet zombie.
The hornet zombie is almost destroyed.
The foxfire hits the hornet zombie.
The hornet zombie is almost destroyed.
The hornet zombie hits you!
* * * LOW HITPOINT WARNING * * *
Unknown command.
It was a potion of mutation.
You feel extremely strange.
You feel agile.
You feel strong-willed. The hornet zombie hits you.
* * * LOW HITPOINT WARNING * * *
Unknown command.
It was a potion of might.
You feel very mighty all of a sudden.
The hornet zombie completely misses you.
The hornet zombie hits you but does no damage.
It was a potion of haste.
You feel yourself speed up. The hornet zombie hits you!
You die...

#. #.# #. #.# ##
###.# #)# .#
.....##.####.#
#........#.## # #
###.#.........##..#
..#...#.#.##.#......#
..........##.Z.##...
.........####@.# #
.........# ##.#
.........# .#
.......#.# .#
......##.# .#
##.##.#..# †.#
#.##.#.######..#
#.##........#..#
#.####..........


You could see a hornet zombie.

Vanquished Creatures
  An adder (D:2)
  A worm (D:2)
  A dart slug (D:1)
  3 ball pythons
  3 endoplasms
  2 giant cockroaches
  8 goblins
  3 hobgoblins
  3 jackals (D:3)
  6 kobolds
  2 bats (D:1)
  3 frilled lizards
  8 rats
44 creatures vanquished.

Vanquished Creatures (others)
  149 foxfires
149 creatures vanquished.

Grand Total: 193 creatures vanquished

Notes
Turn   | Place    | Note
-------+----------+-------------------------------------------
     0 | D:1      | dickylongcocking the Djinni Fire Elementalist began the
                  | quest for the Orb.
     0 | D:1      | Reached XP level 1. HP: 15/15 MP: 0/0
   412 | D:1      | Found a faded altar of an unknown god.
   491 | D:1      | Reached XP level 2. HP: 18/21 MP: 0/0
  1119 | D:1      | Reached skill level 3 in Spellcasting
  1364 | D:1      | Reached XP level 3. HP: 22/25 MP: 0/0
  1364 | D:1      | Learned a level 1 spell: Sting
  2168 | D:2      | Reached skill level 1 in Armour
  2634 | D:2      | Reached XP level 4. HP: 30/31 MP: 0/0
  3042 | D:3      | Gained mutation: You are agile. (Dex +2) [potion of
                  | mutation]
  3042 | D:3      | Gained mutation: You are strong-willed. (Will+) [potion of
                  | mutation]
  3044 | D:3      | Mangled by a hornet zombie

Illustrated notes

Levels and vault maps discovered:
D:1:      nzn_arrival_settlement, layout_basic,
          ebering_ecumenical_altar_sacrificial
D:2:      layout_rooms, minmay_randomly_rotated_circles
D:3:      minmay_recursive_quarters, layout_rooms, gup_sewer_entry_spiral,
          feat_on_display

Skill      XL: |  1  2  3 |
---------------+----------+-----
Spellcasting   | 3 |  3.4
Armour         | 1 |  1.0
Fighting       | |  0.4
Dodging        | |  2.3
Stealth        | |  1.8

Action                   |  1- 3 |  4- 6 || total
-------------------------+-------+-------++-------
Melee: Dagger            |    15 |     6 ||    21
 Cast: Foxfire           |    90 |    17 ||   107
       Sting             |     6 |     8 ||    14
  Use: Potion            |       |     3 ||     3
Armor: Leather armour    |     9 |     6 ||    15
Dodge: Dodged            |    17 |    15 ||    32

Table legend: (Time is in decaauts)
 A = Elapsed time spent in this place.
 B = Non-inter-level travel time spent in this place.
 C = Inter-level travel time spent in this place.
 D = Time resting spent in this place.
 E = Time spent auto-exploring this place.
 F = Levels seen in this place.
 G = Mean time per level.
                   A        B        C        D        E       F      G
               +--------+--------+--------+--------+--------+-----+--------+
         Total |   3043 |   2999 |     44 |     29 |   2605 |   3 | 1014.3 |
       Dungeon |   3043 |   2999 |     44 |     29 |   2605 |   3 | 1014.3 |
               +--------+--------+--------+--------+--------+-----+--------+

Top non-repeatable levels by time:
     D:1: 1744 daAuts
     D:2: 1202 daAuts
     D:3: 95 daAuts
